 Dungeon Crawl Stone Soup version 0.25.1-8-g42b30a86e7 (webtiles) character file.

Game seed: 3729517120657657401

74 Clowwww the Firebug (level 4, 0/24 HPs)
             Began as a Deep Elf Fire Elementalist on Dec 2, 2020.
             Was an Initiate of Sif Muna.
             Slain by a quokka (2 damage)
             ... on level 2 of the Dungeon.
             The game lasted 00:06:13 (2132 turns).

Clowwww the Firebug (Deep Elf Fire Elementalist)    Turns: 2132, Time: 00:06:14

Health: 0/24       AC:  2    Str:  5    XL:     4   Next: 10%
Magic:  7/11       EV: 14    Int: 21    God:    Sif Muna [......]
Gold:   80         SH:  0    Dex: 21    Spells: 6/10 levels left

rFire    . . .     SeeInvis .   (no weapon)
rCold    . . .     Gourm    .   (no shield)
rNeg     . . .     Faith    .   a - +0 robe
rPois    .         Spirit   .   (no helmet)
rElec    .         Reflect  .   (no cloak)
rCorr    .         Harm     .   (no gloves)
MR       .....                  (no boots)
Stlth    +++.......             b - amulet of inaccuracy (curse)
HPRegen  0.08/turn              e - ring of flight
MPRegen  0.12/turn              i - +6 ring of dexterity

@: no status effects
A: no striking features
a: Renounce Religion, Evoke Flight


You were on level 2 of the Dungeon.
You worshipped Sif Muna.
Sif Muna was noncommittal.
You were not hungry.

You visited 1 branch of the dungeon, and saw 2 of its levels.

You collected 80 gold pieces.

Inventory:

Armour
 a - a +0 robe (worn)
Jewellery
 b - a cursed amulet of inaccuracy (around neck)
 e - a ring of flight (left hand)
 i - a +6 ring of dexterity (right hand)
Scrolls
 g - a scroll of blinking {unknown}
Potions
 f - a potion of curing {unknown}
 h - a potion of lignification {unknown}
Comestibles
 c - 2 rations


   Skills:
 + Level 2.7 Dodging
 + Level 2.7 Stealth
 + Level 0.1 Unarmed Combat
 + Level 3.9 Spellcasting
 + Level 2.1 Conjurations
 + Level 4.3 Fire Magic


You had 6 spell levels left.
You knew the following spells:

 Your Spells              Type           Power        Failure   Level  Hunger
a - Foxfire               Conj/Fire      ###.         3%          1    None
b - Conjure Flame         Conj/Fire      ###.....     10%         3    ###....

Your spell library contained the following spells:

 Spells                   Type           Power        Failure   Level  Hunger
 Inner Flame              Hex/Fire       ##......     16%         3    ###....
 Sticky Flame             Conj/Fire      ###.....     32%         4    ####...
 Fireball                 Conj/Fire      ###.......   65%         5    ######.


Dungeon Overview and Level Annotations

Branches:
Dungeon (2/15)

Altars:
Ashenzari
Cheibriados
Ru
Sif Muna
Xom


Message History

The quokka bites you.
You hit the quokka but do no damage.
The quokka is heavily wounded.
The quokka bites you.
Casting: Foxfire (safe; 3% risk of failure)
Confirm with . or Enter, or press ? or * to list all spells.
You don't know that spell.
Casting: Foxfire (safe; 3% risk of failure)
Confirm with . or Enter, or press ? or * to list all spells.
The spell is quite dangerous to cast (10% risk of failure)!
Continue anyway?
The fire begins to smolder!
The quokka bites you. x2
* * * LOW HITPOINT WARNING * * *
The quokka twitches its whiskers.
The quokka smothers the flame.
The quokka bites you.
* * * LOW HITPOINT WARNING * * *
You hit the quokka but do no damage.
The quokka is heavily wounded.
The quokka bites you.
You die...

####.....##.#
#..................
####....###.#
#v...#.#...........
............#
#.§..#.###.##.#####
####....#####
#..§.#.# #.##.#
######
#.###§.#.###.##.#
.....§......##.#
####.§..######.#
#########.#######.#
#.....@r..........#
#.#######.#######
..# ###


You could see a quokka.

Vanquished Creatures
  An adder (D:2)
  A gnoll (D:1)
  An ooze (D:1)
  A worm (D:2)
  2 dart slugs
  A leopard gecko (D:2)
  A giant cockroach (D:1)
  6 goblins
  6 hobgoblins
  2 jackals (D:1)
  A ball python (D:2)
  2 bats (D:1)
  2 frilled lizards
  10 kobolds
  5 rats
42 creatures vanquished.

Vanquished Creatures (others)
  104 foxfires
104 creatures vanquished.

Grand Total: 146 creatures vanquished

Notes
Turn   | Place    | Note
-------+----------+-------------------------------------------
     0 | D:1      | Clowwww the Deep Elf Fire Elementalist began the quest for
                  | the Orb.
     0 | D:1      | Reached XP level 1. HP: 10/10 MP: 6/6
    30 | D:1      | Reached XP level 2. HP: 15/15 MP: 0/8
   128 | D:1      | Reached skill level 4 in Fire Magic
   337 | D:1      | Reached XP level 3. HP: 19/19 MP: 5/10
   346 | D:1      | Learned a level 3 spell: Conjure Flame
  1278 | D:2      | Found a snail-covered altar of Cheibriados.
  1491 | D:2      | Reached XP level 4. HP: 24/24 MP: 9/11
  1545 | D:2      | Found a shimmering blue altar of Sif Muna.
  1550 | D:2      | Became a worshipper of Sif Muna the Loreminder
  1556 | D:2      | Found a sacrificial altar of Ru.
  1559 | D:2      | Found a shimmering altar of Xom.
  1562 | D:2      | Found a shattered altar of Ashenzari.
  2132 | D:2      | Slain by a quokka

Illustrated notes

Levels and vault maps discovered:
D:1:      wander_arrival_chamber, layout_basic
D:2:      layout_basic, grunt_temple_overflow_cloverleaf, kennysheep_slug_shrine

Skill      XL: |  1  2  3 |
---------------+----------+-----
Fire Magic     | 4 |  4.3
Conjurations   | 2 |  2.1
Dodging        | |  2.7
Stealth        | |  2.7
Unarmed Combat | |  0.1
Spellcasting   | |  3.9

Action                   |  1- 3 |  4- 6 || total
-------------------------+-------+-------++-------
Melee: Unarmed           |    34 |    11 ||    45
 Cast: Foxfire           |    56 |    13 ||    69
       Conjure Flame     |     1 |     1 ||     2
  Use: Scroll            |     2 |       ||     2
  Eat: Chunk             |     2 |     2 ||     4
Armor: Robe              |     9 |       ||     9
Dodge: Dodged            |    42 |     8 ||    50
